 Dungeon Crawl Stone Soup version 0.26.1-11-gd32895ea62 (webtiles) character file.

Game seed: 15626927464998065124

86 promet the Skirmisher (level 4, -5/41 HPs)
             Began as a Minotaur Fighter on June 24, 2021.
             Slain by an ogre
             ... wielding a +0 giant club
              (10 damage)
             ... on level 4 of the Dungeon.
             The game lasted 00:04:42 (914 turns).

promet the Skirmisher (Minotaur Fighter)             Turns: 914, Time: 00:04:42

Health: -5/41      AC: 10    Str: 22    XL:     4   Next: 26%
Magic:  3/3        EV:  7    Int:  5    God:
Gold:   0          SH:  9    Dex: 11    Spells: 3/3 levels left

rFire    . . .     SeeInvis .   a - +1 war axe
rCold    . . .     Faith    .   c - +0 kite shield
rNeg     . . .     Spirit   .   b - +0 scale mail
rPois    +         Reflect  .   (helmet restricted)
rElec    .         Harm     .   (no cloak)
rCorr    .         Rampage  .   i - +0 pair of gloves
Will     .....                  (no boots)
Stlth    ..........             (no amulet)
HPRegen  0.13/turn              (no ring)
MPRegen  0.08/turn              (no ring)

@: mighty
A: retaliatory headbutt, horns 2, icy blue scales 1, poison resistance, strong 1
a: no special abilities


You were on level 4 of the Dungeon.
You visited 1 branch of the dungeon, and saw 3 of its levels.

Inventory:

Hand Weapons
 a - a +1 war axe (weapon)
Missiles
 e - 5 stones (quivered)
Armour
 b - a +0 scale mail (worn)
 c - a +0 kite shield (worn)
 i - a +0 pair of gloves (worn)
Jewellery
 g - an uncursed ring of positive energy
Wands
 j - a wand of random effects (20)
Scrolls
 f - 2 scrolls of identify
Potions
 h - a potion of mutation


   Skills:
 * Level 4.4 Fighting
 + Level 3.4 Axes
 + Level 4.3 Armour
 + Level 0.1 Dodging
 + Level 4.3 Shields


You had 3 spell levels left.
You didn't know any spells.
Your spell library was empty.

Dungeon Overview and Level Annotations

Branches:
Dungeon (2/15)

Altars:


Innate Abilities, Weirdness & Mutations

You reflexively headbutt those who attack you in melee.
You have a pair of horns on your head.
You are partially covered in icy blue scales. (AC +2)
Your system is resistant to poisons. (rPois)
Your muscles are strong. (Str +2)


Message History

You have reached level 4!
You feel agile.
You see here a scorpion corpse.
You hear the slow rusting of a very distant drain.
You feel sick.
You feel sick.
You feel sick.
You feel sick.
You feel sick.
You feel sick.
You feel sick.
You feel sick.
You feel sick.
You feel sick.
You are no longer poisoned.
You feel very mighty all of a sudden. The ogre hits you with a +0 giant club!
* * * LOW HITPOINT WARNING * * *
You barely miss the ogre. The ogre hits you with a +0 giant club!
You die...

...>....#
........#######
......##.#.....##
...........#........#
..........##.......## .
#.........#..........
..##...................#
.................#....##
..............@..#.....#
.............O##...>....
..............##.#......
...##....###...#.##.....
#.....####†....#.....
##......#.###### ##..
#........# .
#...#.....##
.....##.####


You could see an ogre.

Vanquished Creatures
  A scorpion (D:4)
  An adder (D:4)
  2 dart slugs (D:1)
  A ball python (D:2)
  A bat (D:1)
  A giant cockroach (D:2)
  6 goblins (D:1)
  5 hobgoblins (D:1)
  A kobold (D:1)
  4 rats (D:1)
23 creatures vanquished.

Vanquished Creatures (others)
  A plant (D:2)
1 creature vanquished.

Grand Total: 24 creatures vanquished

Notes
Turn   | Place    | Note
-------+----------+-------------------------------------------
     0 | D:1      | promet the Minotaur Fighter began the quest for the Orb.
     0 | D:1      | Reached XP level 1. HP: 19/19 MP: 0/0
   172 | D:1      | Reached XP level 2. HP: 20/27 MP: 1/1
   782 | D:2      | Gained mutation: You are partially covered in icy blue
                  | scales. (AC +2) [potion of mutation]
   782 | D:2      | Gained mutation: Your muscles are strong. (Str +2) [potion
                  | of mutation]
   782 | D:2      | Gained mutation: Your system is resistant to poisons.
                  | (rPois) [potion of mutation]
   834 | D:2      | You fall into a shaft and drop 2 floors!
   856 | D:4      | Noticed a scorpion
   867 | D:4      | Reached XP level 3. HP: 33/33 MP: 2/2
   875 | D:4      | Noticed an ogre
   880 | D:4      | Killed a scorpion
   881 | D:4      | Reached XP level 4. HP: 22/41 MP: 3/3
   914 | D:4      | Slain by an ogre

Illustrated notes

Levels and vault maps discovered:
D:1:      dpeg_arrival_pits, layout_loops_ring
D:2:      layout_loops_corners, serial_forest, infiniplex_forest_3_way,
          infiniplex_forest_diagonal, infiniplex_forest_lined_room_,
          infiniplex_forest_zigzag_2, infiniplex_forest_straight_4,
          infiniplex_forest_lined_room_2, infiniplex_forest_straight_2,
          infiniplex_forest_clump_medium, feat_on_display, uniq_sigmund,
          uniq_robin
D:4:      layout_cave_pools, gup_sewer_entry_bubbles, kennysheep_nub,
          hangedman_abyss_or_decor_stabs, doesnt_xom_only_xom

Skill      XL: |  1  2 |
---------------+-------+-----
Shields        | 4 |  4.3
Axes           | 3 |  3.4
Fighting       | 4 |  4.4
Armour         | 4 |  4.3
Dodging        | |  0.1

Action                   |  1- 3 |  4- 6 || total
-------------------------+-------+-------++-------
Melee: War axe           |    42 |     1 ||    43
       Headbutt          |     5 |       ||     5
Evoke: Wand              |     2 |       ||     2
  Use: Scroll            |     4 |       ||     4
       Potion            |     2 |     1 ||     3
Armor: Scale mail        |    12 |       ||    12
Dodge: Dodged            |    12 |       ||    12
Block: Kite shield       |    14 |       ||    14
